 Dungeon Crawl Stone Soup version 0.29.1-1-gd02db6906a (console) character file.

Game seed: 12528945160272932757

5 sentinel the Digger (level 2, 0/20 HPs)
             Began as a Meteoran Earth Elementalist on Sept 30, 2022.
             Slain by a frilled lizard (3 damage)
             ... on level 1 of the Dungeon.
             The game lasted 00:00:03 (130 turns).

sentinel the Digger (Meteoran Earth Elementalist)    Turns: 130, Time: 00:00:04

Health: 0/20       AC:  0    Str:  9    XL:     2   Next: 5%
Magic:  6/6        EV: 12    Int: 16    God:
Gold:   0          SH:  0    Dex: 14    Spells: 5/6 levels left

rFire   . . .      SeeInvis .   (no weapon)
rCold   . . .      Faith    .   (no shield)
rNeg    . . .      Spirit   .   (no body armour)
rPois   .          Reflect  .   (no helmet)
rElec   .          Harm     .   (no cloak)
rCorr   .          Rampage  .   (no gloves)
Will    .....                   (no boots)
Stlth   +.........              (no amulet)
HPRegen 0.06/turn               (no ring)
MPRegen 0.10/turn               (no ring)

@: glowing
A: sense surroundings 1, otherworldly, glowing, explore regen
a: no special abilities


You were on level 1 of the Dungeon.
You visited 1 branch of the dungeon, and saw 1 of its levels.

Inventory:

Armour
 a - a +0 robe
Potions
 b - a potion of magic


   Skills:
 - Level 2.4 Dodging
 - Level 1.4 Stealth
 - Level 2.6 Spellcasting
 - Level 1.2 Transmutations
 + Level 4.1 Earth Magic


You had 5 spell levels left.
You knew the following spells:

 Your Spells              Type           Power      Damage    Failure   Level
a - Sandblast             Erth           30%        2d9       3%          1

Your spell library contained the following spells:

 Spells                   Type           Power      Damage    Failure   Level
 Passwall                 Tmut/Erth      8%         N/A       10%         2
 Stone Arrow              Conj/Erth      16%        3d8       26%         3
 Petrify                  Tmut/Erth      10%        N/A       54%         4


Dungeon Overview and Level Annotations

Branches:
Dungeon (1/15) Zot: 466

Altars:


Innate Abilities, Weirdness & Mutations

You passively map a small area around you.
You are easily found by Zot.
You glow in the dark.
You regain HP and MP as you explore.


Message History

No target in view!
No target in view!
You can't see any susceptible monsters within range! (Use Z to cast anyway.) Unknown command.
You can't see any susceptible monsters within range! (Use Z to cast anyway.) Unknown command.
You can't see any susceptible monsters within range! (Use Z to cast anyway.) Unknown command.
You can't see any susceptible monsters within range! (Use Z to cast anyway.) Unknown command.
Things that are here:
a +0 dagger; 5 stones A hobgoblin comes into view.
The hobgoblin shouts!
Unknown command.
But you're not safe!
Unknown command.
But you're not safe!
Unknown command.
But you're not safe!
Unknown command.
But you're not safe!
Unknown command.
The blast of sand hits the hobgoblin!
You kill the hobgoblin!
You have reached level 2!
You can't see any susceptible monsters within range! (Use Z to cast anyway.) Unknown command.
You can't see any susceptible monsters within range! (Use Z to cast anyway.) Unknown command.
You can't see any susceptible monsters within range! (Use Z to cast anyway.) Unknown command.
No target in view!
No target in view!
You can't see any susceptible monsters within range! (Use Z to cast anyway.) Unknown command.
You can't see any susceptible monsters within range! (Use Z to cast anyway.) Unknown command.
You can't see any susceptible monsters within range! (Use Z to cast anyway.) Unknown command.
You can't see any susceptible monsters within range! (Use Z to cast anyway.) Unknown command.
No target in view!
No target in view!
You can't see any susceptible monsters within range! (Use Z to cast anyway.) Unknown command.
You can't see any susceptible monsters within range! (Use Z to cast anyway.) Unknown command.
You can't see any susceptible monsters within range! (Use Z to cast anyway.) Unknown command.
You can't see any susceptible monsters within range! (Use Z to cast anyway.) Unknown command.
A frilled lizard comes into view.
The frilled lizard hisses angrily.
Unknown command.
But you're not safe!
Unknown command.
But you're not safe!
Unknown command.
But you're not safe!
Unknown command.
Char dumped successfully.
Char dumped successfully.
Char dumped successfully.
The frilled lizard bites you but does no damage.
Char dumped successfully.
The frilled lizard bites you.
Char dumped successfully.
The frilled lizard bites you.
Char dumped successfully.
The frilled lizard bites you but does no damage.
Char dumped successfully.
Unknown command.
Unknown command.
Unknown command.
Unknown command.
Char dumped successfully.
Unknown command.
Unknown command.
Unknown command.
Unknown command.
Unknown command.
Unknown command.
Unknown command.
Unknown command.
Unknown command.
Unknown command.
Unknown command.
Unknown command.
Unknown command.
Unknown command.
Unknown command.
Unknown command.
Unknown command.
The frilled lizard completely misses you.
Unknown command.
What are your orders? t - Shout!
Orders for allies: a - Attack new target. r - Retreat! s - Stop attacking. g - Guard the area. f - Follow me.
Anything else - Cancel.
Okay, then.
Unknown command.
Unknown command.
What are your orders? t - Shout!
Orders for allies: a - Attack new target. r - Retreat! s - Stop attacking. g - Guard the area. f - Follow me.
Anything else - Cancel.
Okay, then.
Unknown command.
Unknown command.
No item to drop.
The frilled lizard closely misses you.
You start removing your armour.
You continue taking off your +0 robe.
The frilled lizard misses you.
You continue taking off your +0 robe.
The frilled lizard misses you.
You continue taking off your +0 robe.
The frilled lizard completely misses you.
You continue taking off your +0 robe.
The frilled lizard misses you.
You finish taking off your +0 robe.
Enter note: 20/20 ======================== Char dumped successfully.
The frilled lizard closely misses you.
Char dumped successfully.
The frilled lizard bites you.
Char dumped successfully.
The frilled lizard closely misses you. The frilled lizard bites you.
The frilled lizard closely misses you.
Char dumped successfully.
The frilled lizard barely misses you.
Char dumped successfully.
The frilled lizard bites you.
Char dumped successfully.
The frilled lizard bites you.
Char dumped successfully.
Char dumped successfully.
The frilled lizard bites you. The frilled lizard closely misses you.
The frilled lizard barely misses you. The frilled lizard bites you.
The frilled lizard closely misses you. The frilled lizard bites you.
The frilled lizard bites you.
You die...

#.#.#...#.#.#.# #
+.#...<.#.#.'.# *.#
#.#.#...#.#.#.####.#####
#.#.#...#.#.#.##........
#.#.#####.#.#.##........
#.#.......#.#.#.........,
#.####.####.#...........
*
#...........#.##.l......
#############.##@#^.##* *
..............##.#.##
######)#########.#.#
#......# ##.#.#
#......#####..#.###
#......#..........#
####......#..........#
.....................#
####......#.....†....#


You could see a frilled lizard.

Vanquished Creatures
  A ball python (D:1)
  An endoplasm (D:1)
  A hobgoblin (D:1)
  A kobold (D:1)
4 creatures vanquished.

Notes
Turn   | Place    | Note
-------+----------+-------------------------------------------
     0 | D:1      | sentinel the Meteoran Earth Elementalist began the quest
                  | for the Orb.
     0 | D:1      | Reached XP level 1. HP: 14/14 MP: 5/5
    68 | D:1      | Reached skill level 4 in Earth Magic
    92 | D:1      | Reached XP level 2. HP: 20/20 MP: 4/6
   116 | D:1      | 20/20 ========================
   130 | D:1      | Slain by a frilled lizard

Illustrated notes

#.#.#...#.#.#.# #
+.#...<.#.#.'.# *.#
#.#.#...#.#.#.####.#####
#.#.#...#.#.#.##........
#.#.#####.#.#.##........
#.#.......#.#.#.........,
#.####.####.#...........
*
#...........#.##.l......
#############.##@#^.##* *
..............##.#.##
######)#########.#.#
#......# ##.#.#
#......#####..#.###
#......#..........#
####......#..........#
.....................#
####......#.....†....#


Turn 116 on D:1: 20/20 ========================

Levels and vault maps discovered:
D:1:      matt_arrival_refuge, layout_rooms,
          hellmonk_ecumenical_altar_inner_sanctum

Skill      XL: |  1 |
---------------+----+-----
Earth Magic    | 4 |  4.1
Dodging        | |  2.4
Stealth        | |  1.4
Spellcasting   | |  2.6
Transmutations | |  1.2

Action                   || total
-------------------------++-------
 Cast: Sandblast         ||     6
Armor: Robe              ||     3
Dodge: Dodged            ||    13
